 Dungeon Crawl Stone Soup version 0.30.1-9-gdf580d7c3d (webtiles) character file.

Game seed: 2317427318895499882

256 lonewolfV2 the Covered (level 5, 0/41 HPs)
             Began as a Demonspawn Fighter on Oct 26, 2023.
             Was an Initiate of Qazlal.
             Slain by a gnoll bouda
             ... wielding a +0 whip
              (11 damage)
             ... on level 3 of the Dungeon.
             The game lasted 00:03:31 (2110 turns).

lonewolfV2 the Covered (Demonspawn Fighter)         Turns: 2110, Time: 00:03:32

Health: 0/41       AC:  7    Str: 18    XL:     5   Next: 92%
Magic:  7/7        EV: 10    Int:  9    God:    Qazlal [......]
Gold:   250        SH:  8    Dex: 13    Spells: 4/4 levels left

rFire   . . .        o - +2 war axe (heavy)
rCold   . . .        c - +0 buckler
rNeg    . . .        b - +0 scale mail
rPois   .            (no helmet)
rElec   .            (no cloak)
rCorr   .            (no gloves)
SInv    .            (no boots)
Will    .....        (no amulet) Stlth
                     e - ring of wizardry
HPRegen 0.26/turn    (no ring)
MPRegen 0.10/turn

%: wizardry (x1)
@: no status effects
A: claws 2, condensation shield
a: Renounce Religion


You were on level 3 of the Dungeon.
You worshipped Qazlal.
Qazlal was noncommittal.
You visited 1 branch of the dungeon, and saw 3 of its levels.

You collected 250 gold pieces.

Inventory:

Hand Weapons
 a - a +0 war axe
 o - a +2 heavy war axe (weapon)
Armour
 b - a +0 scale mail (worn)
 c - a +0 buckler (worn)
Jewellery
 e - a ring of wizardry (left claw)
Wands
 q - a wand of mindburst (10)
Scrolls
 i - a scroll of fear {unknown}
 j - a scroll of noise {unknown}
 l - a scroll of identify
 n - a scroll of summoning
Potions
 d - 3 potions of might
 f - 3 potions of invisibility
 g - a potion of magic {unknown}
 h - a potion of flight {unknown}
 k - a potion of cancellation {unknown}
 m - 2 potions of attraction {unknown}
 p - a potion of curing


   Skills:
 - Level 3.0 Fighting
 - Level 1.7 Axes
 + Level 3.8 Armour
 * Level 3.6 Dodging
 - Level 2.6 Shields
 + Level 3.6 Invocations


You had 4 spell levels left.
You didn't know any spells.
Your spell library contained the following spells:

 Spells                   Type           Power      Damage    Failure   Level
 Blink                    Tloc           0%         N/A       65%         2
 Lesser Beckoning         Tloc           0%         N/A       65%         2
 Momentum Strike          Conj/Tloc      0%         3d8       65%         2


Dungeon Overview and Level Annotations

Branches:
Dungeon (3/15)

Altars:
Qazlal

Shops:
D:2 *


Innate Abilities, Weirdness & Mutations

You have very sharp fingernails.
A meltable shield of frost defends you. (SH +4)


Message History

The gnoll shouts! x2
The gnoll closely misses you. The gnoll misses you.
You block the gnoll's attack.
You barely miss the gnoll bouda.
The gnoll bouda hits you but does no damage.
The gnoll hits you from afar with a +0 spear.
You block the gnoll's attack.
The gnoll hits you from afar with a +0 spear.
The gnoll bouda hits you but does no damage.
The gnoll hits you but does no damage. The gnoll barely misses you.
The gnoll hits you from afar with a +0 spear.
You hit the gnoll bouda.
The gnoll bouda is moderately wounded.
You block the gnoll bouda's attack.
The gnoll hits you from afar with a +0 spear.
You block the gnoll's attack. The gnoll barely misses you.
The gnoll bouda closely misses you.
The gnoll hits you from afar with a +0 spear.
The gnoll hits you but does no damage. x2
You hit the gnoll bouda but do no damage.
The gnoll bouda is moderately wounded.
You block the gnoll bouda's attack. The gnoll barely misses you.
The gnoll hits you from afar with a +0 spear.
The gnoll misses you. The gnoll bouda completely misses you.
The gnoll closely misses you.
The gnoll hits you from afar with a +0 spear. x2
The gnoll bouda barks out a call to the hunt!
The gnolls pick up the pace!
The gnoll barely misses you.
The gnoll hits you from afar with a +0 spear.
The gnoll hits you but does no damage.
You slash the gnoll bouda!
The gnoll bouda is almost dead.
The gnoll closely misses you.
The gnoll bouda prays to its god.
The gnoll bouda is healed somewhat.
The gnoll hits you from afar with a +0 spear.
* * * LOW HITPOINT WARNING * * *
The gnoll bouda hits you with a +0 whip!
You die...

*.......................+
*.......................#
*.......................#
*.......................#
*#..g....................
*#....ggg...............
*****#g####.....##.....
#g# #####...####.
#@#########.......
#.......###..#..#.
#.......##...)....
#..........#......
#.##....#.....##..
#.................
##....##########...
#..#### #####...> #.##
#.....##.


You could see a gnoll bouda and 4 gnolls.

Vanquished Creatures
  A scorpion (D:3)
  An orc priest (D:3)
  2 orc wizards (D:3)
  Ijyb (D:3)
  3 adders
  3 worms
  2 dart slugs (D:1)
  5 orcs (D:3)
  3 ball pythons
  2 endoplasms
  3 giant cockroaches
  4 goblins
  5 hobgoblins
  5 jackals
  2 quokkas (D:3)
  5 bats
  4 kobolds
  5 rats
56 creatures vanquished.

Notes
Turn   | Place    | Note
-------+----------+-------------------------------------------
     0 | D:1      | lonewolfV2 the Demonspawn Fighter began the quest for the
                  | Orb.
     0 | D:1      | Reached XP level 1. HP: 18/18 MP: 1/1
   126 | D:1      | Reached skill level 1 in Dodging
   126 | D:1      | Reached skill level 1 in Invocations
   126 | D:1      | Gained mutation: A meltable shield of frost defends you.
                  | (SH +4) [demonic ancestry]
   126 | D:1      | Reached XP level 2. HP: 22/24 MP: 2/2
   559 | D:2      | Gained mutation: You have sharp fingernails. [demonic
                  | ancestry]
   559 | D:2      | Reached XP level 3. HP: 18/29 MP: 4/4
  1046 | D:2      | Found Petezxen's General Store.
  1215 | D:3      | Noticed a scorpion
  1223 | D:3      | Killed a scorpion
  1224 | D:3      | Gained mutation: You have very sharp fingernails. [demonic
                  | ancestry]
  1224 | D:3      | Reached XP level 4. HP: 31/35 MP: 4/6
  1327 | D:3      | Reached XP level 5. HP: 16/41 MP: 7/7
  1508 | D:3      | Found a stormy altar of Qazlal.
  1526 | D:3      | Became a worshipper of Qazlal Stormbringer
  1767 | D:3      | Noticed Ijyb
  1781 | D:3      | Killed Ijyb
  2110 | D:3      | Slain by a gnoll bouda

Illustrated notes

Levels and vault maps discovered:
D:1:      scummos_arrival_checkerplants, layout_rooms
D:2:      layout_basic, serial_shops, shop, minmay_tall_x
D:3:      layout_rooms, lemuel_doored_altar, minmay_hedge_maze,
          kennysheep_orc_chapel, uniq_ijyb

Skill      XL: |  1  2  3  4  5 |
---------------+----------------+-----
Dodging        | 1 2 3 |  3.6
Invocations    | 1 2 3 |  3.6
Armour         | 3 |  3.8
Fighting       | |  3.0
Axes           | |  1.7
Shields        | |  2.6

Action                     |  1- 3 |  4- 6 || total
---------------------------+-------+-------++-------
  Melee: War axe           |   126 |    32 ||   158
    Use: Scroll            |     9 |     1 ||    10
         Potion            |       |     1 ||     1
 Armour: Scale mail        |    69 |    27 ||    96
  Dodge: Dodged            |    73 |    27 ||   100
  Block: Buckler           |    77 |    20 ||    97
